 Dungeon Crawl Stone Soup version 0.25.1-2-g60ff931df9 (webtiles) character file.

Game seed: 4954958735923430209

170 Curus the Poker (level 5, -1/45 HPs)
             Began as a Minotaur Monk on Oct 26, 2020.
             Slain by an orc
             ... wielding a +0 flail
              (7 damage)
             ... on level 4 of the Dungeon.
             The game lasted 00:13:51 (3236 turns).

Curus the Poker (Minotaur Monk)                     Turns: 3236, Time: 00:13:52

Health: -1/45      AC:  5    Str: 16      XL:     5   Next: 26%
Magic:  4/4        EV: 13    Int:  7      God:
Gold:   154        SH:  0    Dex: 12 (13) Spells: 4/4 levels left

rFire    . . .     SeeInvis .   a - +0 spear
rCold    . . .     Gourm    .   (no shield)
rNeg     . . .     Faith    .   b - +0 robe
rPois    .         Spirit   .   g - +2 hat
rElec    .         Reflect  .   (no cloak)
rCorr    .         Harm     .   h - +0 pair of gloves
MR       .....                  (no boots)
Stlth    ++........             (no amulet)
HPRegen  0.15/turn              (no ring)
MPRegen  0.09/turn              (no ring)

@: no status effects
A: retaliatory headbutt, horns 2
a: no special abilities


You were on level 4 of the Dungeon.
You were not hungry.

You visited 1 branch of the dungeon, and saw 4 of its levels.

You collected 154 gold pieces.

Inventory:

Hand Weapons
 a - a +0 spear (weapon)
Armour
 b - a +0 robe (worn)
 g - a +2 hat (worn)
 h - a +0 pair of gloves (worn)
Scrolls
 d - 4 scrolls of identify
 e - 2 scrolls of amnesia
 j - a scroll of remove curse
Comestibles
 c - 6 rations


   Skills:
 - Level 3.6 Fighting
 + Level 7.3 Polearms
 - Level 3.2 Dodging
 - Level 1.5 Stealth


You had 4 spell levels left.
You didn't know any spells.
Your spell library was empty.

Dungeon Overview and Level Annotations

Branches:
Dungeon (4/15)
 Temple: D:4-7

Altars:
Xom

Annotations:
D:2 Sigmund
D:3 2 transporters
D:4 Dowan, Duvessa


Innate Abilities, Weirdness & Mutations

You reflexively headbutt those who attack you in melee.
You have a pair of horns on your head.


Message History

a +2 hand axe of pain; a +0 leather armour; an orc corpse You barely miss the orc.
You headbutt the orc!
You kill the orc!
You start resting.
The orc is too close now for your liking.
A quokka comes into view.
The orc shouts!
Things that are here:
a +0 short sword; a +0 leather armour; an orc corpse You hit the orc.
Your headbutt misses the orc.
The orc is lightly wounded.
You hit the orc.
You kill the orc!
You hit the orc but do no damage.
The orc drinks a potion.
The orc goes berserk!
Things that are here:
a +2 hand axe of pain; a +0 leather armour; an orc corpse The orc barely misses you.
You completely miss the orc. The orc hits you with a +0 flail!
You die...

... ...# ..#
)..# .. ...#
#.# ...# .#
.. ...##.###
#.#..w......
#...........
#.##..r....
#.@#.......
##o#.......
#o))......
##........
#..##'###
##.# # ..
#.# .#


You could see 2 orcs.

Vanquished Creatures
  A worker ant (D:4)
  6 adders
  2 worms
  4 dart slugs
  2 leopard geckos (D:1)
  6 orcs
  A ball python (D:3)
  3 giant cockroaches
  7 goblins
  7 hobgoblins
  3 jackals (D:2)
  A quokka (D:2)
  11 bats
  5 frilled lizards
  5 kobolds
  9 rats
73 creatures vanquished.

Notes
Turn   | Place    | Note
-------+----------+-------------------------------------------
     0 | D:1      | Curus the Minotaur Monk began the quest for the Orb.
     0 | D:1      | Reached XP level 1. HP: 19/19 MP: 0/0
    55 | D:1      | Reached skill level 4 in Polearms
   145 | D:1      | Reached XP level 2. HP: 17/26 MP: 1/1
   490 | D:1      | Reached skill level 5 in Polearms
   601 | D:1      | Reached XP level 3. HP: 31/31 MP: 2/2
  1251 | D:2      | Reached XP level 4. HP: 36/39 MP: 3/3
  1256 | D:2      | Reached skill level 6 in Polearms
  1278 | D:2      | Found a shimmering altar of Xom.
  1536 | D:2      | Noticed Sigmund
  1965 | D:3      | Found a transporter.
  2743 | D:3      | Found a transporter.
  2879 | D:4      | Reached skill level 7 in Polearms
  2879 | D:4      | Reached XP level 5. HP: 43/45 MP: 4/4
  3184 | D:4      | Noticed Dowan
  3185 | D:4      | Noticed Duvessa
  3201 | D:4      | HP: 1/45 [Duvessa/+0 short sword (10)]
  3236 | D:4      | Slain by an orc

Illustrated notes

Levels and vault maps discovered:
D:1:      elethiomel_arrival_infinity_welcomes_careful_drivers,
          layout_loops_ring
D:2:      layout_basic, xom_teletrap_fun, first_ration, uniq_sigmund
D:3:      gammafunk_steamed_eel, layout_loops_corners
D:4:      layout_basic, uniq_grinder, uniq_duvessa, uniq_natasha

Skill      XL: |  1  2  3  4 |
---------------+-------------+-----
Polearms       | 4 5 7 |  7.3
Fighting       | |  3.6
Dodging        | |  3.2
Stealth        | |  1.5

Action                   |  1- 3 |  4- 6 || total
-------------------------+-------+-------++-------
Melee: Spear             |   103 |   128 ||   231
       Headbutt          |    12 |    20 ||    32
  Use: Scroll            |     4 |     3 ||     7
       Potion            |     2 |     3 ||     5
 Stab: Sleeping          |     3 |     3 ||     6
  Eat: Chunk             |     1 |     6 ||     7
Armor: Robe              |    12 |    14 ||    26
Dodge: Dodged            |    43 |    63 ||   106
